AoeStats
← GweiloGuy

Arena

504428122Analyzed
1v1 RM · 28d ago on Sep 5, 2026· 32m 18s· 2 players
Game mode
Random Map
Map size
Tiny (2 player)
Population
200
Speed
Normal
Resources
Standard
Victory
Conquest
Starting age
Dark Age
Ending age
Imperial Age
RankedLock teamsTeams togetherTeam positionsShared explorationLock speedFull tech treeHidden civsTurbo modeCheats
Victory
Defeat
🇩🇪 Romans · Germany
615
+19
🇭🇰 Franks · Hong Kong SAR China
670
-39
GweiloGuy
11:20 Feudal Age
11:54 Double-Bit Axe
13:55 Gold Mining
14:45 Scale Barding Armor
14:53 Forging
20:08 Castle Age
19:45 Stone Mining
20:38 Wheelbarrow
20:55 Fletching
26:34 Bow Saw
26:32 Loom
sweg_21
0:50 Loom
10:52 Feudal Age
13:30 Wheelbarrow
16:08 Castle Age
14:32 Double-Bit Axe
16:08 Horse Collar
18:48 Hand Cart
25:40 Gold Mining
25:56 Heavy Plow
26:09 Bow Saw
Connection lost

Rejoining the realm…

Still unreachable

The connection could not be restored.

Session expired

The server has moved on; the page needs a fresh start.